 Dungeon Crawl Stone Soup version 0.31-a0-876-gfe8ebadbca (webtiles) character file.

Game seed: 3863176256126298580

179865 Lugonue the Black Belt (level 17, -1/125 (129) HPs)
             Began as a Demonspawn Venom Mage on Oct 9, 2023.
             Was the Champion of Vehumet.
             Slain by a radroach simulacrum (6 damage)
             ... on level 4 of the Spider Nest on Oct 13, 2023.
             The game lasted 02:22:10 (39177 turns).

Lugonue the Black Belt (Demonspawn Venom Mage)     Turns: 39177, Time: 02:22:11

HP:   -1/125 (129)  AC: 12    Str: 10 (17) XL:     17   Next: 62%
MP:   0/31          EV: 19    Int: 22      God:    Vehumet [******]
Gold: 558           SH:  0    Dex: 23 (24) Spells: 7/36 levels left

rFire   x .          .
                       - Unarmed
rCold   + + .        r - orb {*channel}
rNeg    . . .        I - +1 ice dragon scales
rPois   +            j - +1 helmet of the Other Side {Will+}
rElec   .            E - scarf of Weirdness {repulsion, rPois Str+7}
rCorr   .            n - +0 pair of fencer's gloves {Riposte Dex+3}
SInv    +            z - +2 pair of boots {rampage}
Will    +++..        G - amulet of Nuibi {RegenMP SInv}
Stlth   ++++         o - +4 ring of slaying
HPRegen 0.40/turn    x - +5 ring of evasion
MPRegen 0.84/turn

%: repel missiles, guardian spirit, rampage, channel magic (20%)
@: corroded, lightly drained
A: thin skeletal structure 3, spiny 2, magic shield, magic regeneration, demonic
touch 2, hooves 1, strong-willed 1, evolution 1
a: Renounce Religion


You were on level 4 of the Spider Nest.
You worshipped Vehumet.
Vehumet was exalted by your worship.
You visited 5 branches of the dungeon, and saw 27 of its levels.
You visited the Abyss 1 time.
You also visited: Trove.

You collected 3011 gold pieces.
You spent 2453 gold pieces at shops.

Inventory:

Missiles
 e - a throwing net (quivered)
Armour
 j - the +1 helmet of the Other Side (worn) {Will+}
   (You found it in a treasure trove)

   Will+:     It increases your willpower.
 n - the +0 pair of fencer's gloves (worn) {Riposte Dex+3}
   (You found it in a treasure trove)

   Riposte:   It allows the wearer to riposte with melee weapons, swiftly
   retaliating against missed or blocked melee attacks.
   Dex+3:     It affects your dexterity (+3).
 r - an orb of energy (worn)
 v - the +8 plate armour "Estamo" {Str+3 Slay+6}
   (You found it in a treasure trove)

   Str+3:     It affects your strength (+3).
   Slay+6:    It affects your accuracy & damage with ranged weapons and melee
   (+6).
 z - a +2 pair of boots of rampaging (worn)
 E - the scarf of Weirdness (worn) {repulsion, rPois Str+7}
   (You found it in a treasure trove)

   Str+7:     It affects your strength (+7).
   rPois:     It protects you from poison
 I - +1 ice dragon scales (worn)
Magical Staves
 b - a staff of poison
Jewellery
 o - a +4 ring of slaying (left hand)
 x - a +5 ring of evasion (right hand)
 G - the amulet of Nuibi (around neck) {RegenMP SInv}
   (You found it on level 2 of the Lair of Beasts)

   [amulet of magic regeneration]

   RegenMP:   It increases your rate of magic regeneration.
   SInv:      It lets you see invisible.
 K - a ring of willpower
Wands
 m - a wand of paralysis (1)
 q - a wand of acid (5)
 D - a wand of iceblast (4)
 L - a wand of flame (10)
Scrolls
 f - a scroll of fog
 g - a scroll of vulnerability
 k - 7 scrolls of enchant weapon
 w - 10 scrolls of identify
 A - 2 scrolls of poison
 J - 3 scrolls of immolation
 N - a scroll of brand weapon
 O - 2 scrolls of enchant armour
 T - 2 scrolls of revelation
 X - 2 scrolls of teleportation
Potions
 c - 3 potions of brilliance
 p - 4 potions of magic
 s - 2 potions of cancellation
 H - 3 potions of resistance
 P - 9 potions of curing
 Q - 2 potions of heal wounds
 V - 3 potions of enlightenment
 W - 2 potions of ambrosia
 Y - a potion of lignification


   Skills:
 - Level 10.4 Fighting
 - Level 1.3(1.6) Polearms
 - Level 1.1(1.5) Staves
 + Level 15.8 Armour
 - Level 10.5 Dodging
 - Level 2.7 Stealth
 - Level 1.5 Shields
 - Level 17.0 Unarmed Combat
 - Level 10.0 Spellcasting
 - Level 5.1 Conjurations
 - Level 3.4 Transmutations
 - Level 2.8 Fire Magic
 - Level 1.8 Air Magic
 - Level 7.1 Poison Magic


You had 7 spell levels left.
You knew the following spells:

 Your Spells              Type           Power      Damage    Failure   Level
a - Sting                 Tmut/Pois      100%       1d8       11%         1
c - Mephitic Cloud        Conj/Pois/Air  31%        N/A       8%          3
d - Olgreb's Toxic Radia  Pois           42%        N/A       10%         4
e - Fireball              Conj/Fire      14%        3d8       50%         5
f - Stone Arrow           Conj/Erth      44%        3d9       16%         3
g - Ignite Poison         Fire/Tmut/Pois 30%        N/A       9%          3
h - Starburst             Conj/Fire      14%        6d6       94%         6
i - Flame Wave            Conj/Fire      28%        2d9       24%         4

Your spell library contained the following spells:

 Spells                   Type           Power      Damage    Failure   Level
 Maxwell's Capacitive Co  Air            9%         ∞         100%        8
 Chain Lightning          Conj/Air       13%        3d17      100%        9
 Fire Storm               Conj/Fire      14%        8d4       100%        9
 Magic Dart               Conj           100%       1d8       3%          1
 Searing Ray              Conj           66%        2d6       4%          2
 Poisonous Vapours        Pois/Air       60%        N/A       5%          2
 Kiss of Death            Conj/Necr      88%        2d12      7%          1
 Scorch                   Fire           46%        2d6       9%          2
 Cigotuvi's Dreadful Rot  Necr/Pois/Air  48%        N/A       30%         2
 Fulminant Prism          Conj/Hex       11%        3d8       38%         4
 Passwall                 Tmut/Erth      15%        N/A       43%         2
 Irradiate                Conj/Tmut      14%        3d16      47%         5
 Apportation              Tloc           22%        N/A       50%         1
 Necrotise                Necr           44%        1d6       50%         1
 Summon Small Mammal      Summ           44%        N/A       50%         1
 Swiftness                Air            19%        N/A       58%         3
 Ensorcelled Hibernation  Hex/Ice        22%        N/A       61%         2
 Lesser Beckoning         Tloc           22%        N/A       61%         2
 Sublimation of Blood     Necr           11%        N/A       61%         2
 Freezing Cloud           Conj/Ice/Air   10%        6-21      71%         5
 Confusing Touch          Hex            11%        N/A       82%         3
 Gell's Gravitas          Tloc           11%        N/A       82%         3
 Ozocubu's Armour         Ice            11%        N/A       82%         3
 Teleport Other           Tloc           11%        N/A       82%         3
 Petrify                  Tmut/Erth      18%        N/A       92%         4
 Lee's Rapid Deconstruct  Erth           5%         3d6*      92%         5
 Summon Lightning Spire   Summ/Air       15%        N/A       96%         4
 Animate Armour           Summ/Erth      22%        N/A       99%         4
 Animate Dead             Necr           11%        N/A       99%         4
 Dispel Undead            Necr           11%        3d9       99%         4
 Borgnjor's Vile Clutch   Necr/Erth      5%         N/A       100%        5
 Summon Forest            Summ/Tloc      5%         N/A       100%        5
 Summon Mana Viper        Hex/Summ       11%        N/A       100%        5
 Death Channel            Necr           5%         N/A       100%        6
 Dispersal                Tloc           5%         N/A       100%        6
 Summon Cactus Giant      Summ           5%         N/A       100%        6
 Ozocubu's Refrigeration  Ice            5%         4d8       100%        7
 Discord                  Hex            5%         N/A       100%        8
 Ignition                 Fire           11%        3d5       100%        8


Dungeon Overview and Level Annotations

Branches:
Dungeon (15/15)            Temple (0/1) D:5            Lair (5/5) D:9
 Shoals (0/4) Lair:3       Spider (4/4) Lair:3        Slime (0/5) Lair:5
    Orc (2/2) D:12            Elf (0/3) Orc:2        Vaults (0/5) D:14
 Depths (1/4) D:15

Altars:
Ashenzari
Cheibriados
Makhleb
Okawaru
Sif Muna
Vehumet
Xom
Yredelemnul
Jiyva

Shops:
D:7 :[   Orc:1 !   Orc:2 :*[

Annotations:
D:3 2 transporters
D:4 1 runed translucent door
D:6 2 transporters
D:8 2 transporters, NigelTetley's ghost, novice DgFi
D:9 2 transporters


Innate Abilities, Weirdness & Mutations

You have an unnaturally thin skeletal structure. (Dex +6, Stealth+++)
You are mostly covered in sharp spines.
When hurt, damage is shared between your health and your magic reserves.
You regenerate magic rapidly.
Your touch may inflict irresistible damage on your foes.
You have large cloven feet.
You are strong-willed. (Will+)
You have hidden genetic potential.


Message History

The ghost moth closely misses you. The ghost moth barely misses you.
The jorogumo casts a spell at you. The bolt of negative energy hits you!
You feel drained.
* * * LOW HITPOINT WARNING * * *
The steelbarb worm is engulfed in poison gas.
The steelbarb worm looks even sicker.
The jumping spider simulacrum closely misses you.
You riposte.
You hit the jumping spider simulacrum but do no damage.
The jumping spider simulacrum is heavily damaged.
The jumping spider simulacrum misses you.
The redback closely misses you.
The ghost moth is struck by your spines.
The ghost moth hits you!
* * * LOW HITPOINT WARNING * * *
The ghost moth barely misses you.
The ghost moth stings you but does no damage.
Okay, then.
Unknown command.
You feel much better.
The jumping spider simulacrum pounces on you.
* * * LOW HITPOINT WARNING * * *
The jumping spider simulacrum freezes you.
You resist.
* * * LOW HITPOINT WARNING * * *
The jumping spider simulacrum barely misses you.
The redback is struck by your spines. The redback closely misses you.
The jorogumo misses you.
You riposte.
You hit the jorogumo.
The jorogumo is almost dead.
The ghost moth hits you. x2
* * * LOW HITPOINT WARNING * * *
The ghost moth closely misses you.
The jumping spider simulacrum completely misses you.
The jumping spider simulacrum closely misses you.
The radroach simulacrum is struck by your spines.
The radroach simulacrum closely misses you.
The radroach simulacrum claws you!
* * * LOW HITPOINT WARNING * * *
The radroach simulacrum freezes you. You resist.
You die...

#..^..........^...
#...°...☼^......^.
##..^.^...........
#..○.°°○(†#...#^.
####^.°†.☼☼......^.^
#...s.°...○^...^..†.
#.○°.†....○#........
##ZyZ○..○○.....^....
##.@H.w.....^.....s#
##.#.s...............
#.................≈~†
##.....^........~.~..
##...^......#~##^...
#^........## # #^s
#....<.^.## ##s
###...#### ##.^#


You could see an emperor scorpion, a jorogumo (extremely poisoned), a ghost moth
(invisible), a steelbarb worm (very poisoned), a redback, a jumping spider
simulacrum and a radroach simulacrum.

Vanquished Creatures
  Arachne (Spider:3)
  Rupert (D:13)
  A tentacled monstrosity (D:11)
  Frances (Spider:1)
  4 tentacled starspawn (Abyss:2)
  Kirke (Lair:5)
  Aizul (Spider:1)
  6 emperor scorpions
  A ghost moth (Spider:1)
  A deep elf elementalist (Abyss:2)
  Louise (Spider:1)
  2 very ugly things (D:12)
  An orc warlord (Orc:2)
  A war gargoyle (D:13)
  A broodmother (Spider:3)
  A spark wasp (D:15)
  5 entropy weavers
  Josephine (D:13)
  Erolcha (Orc:2)
  2 catoblepae
  The ghost of AceOff the Nimble, a journeyman DsFi of Ignis (Lair:2)
  An ice dragon (D:13)
  6 hydras
  2 jorogumos (Spider:2)
  2 radroaches
  9 centaur warriors
  An ironbound frostheart (D:14)
  6 two-headed ogres
  6 boulder beetles
  4 orc high priests (Orc:2)
  A death knight (D:14)
  6 demonic crawlers
  6 tengu warriors
  A thrashing horror (Abyss:2)
  A death yak (Lair:2)
  A wretched star (Abyss:2)
  4 pharaoh ants
  A sixfirhy (Abyss:2)
  A storm dragon zombie (D:15)
  2 skysharks
  2 skeletal warriors (D:15)
  13 orb spiders
  Lodul (D:13)
  A glowing orange brain (Abyss:2)
  A harpy (shapeshifter) (D:15)
  A necromancer (D:15)
  4 steelbarb worms
  A tengu zombie (D:15)
  A phantasmal warrior (D:15)
  A shadow dragon zombie (D:15)
  5 orc knights
  6 orc sorcerers
  A worldbinder (Abyss:2)
  12 wolf spiders
  A wolf spider (shapeshifter) (D:13)
  7 cyclopes
  2 manticores
  A fire giant zombie (D:15)
  3 ugly things
  6 moths of wrath
  4 elephants (Lair:3)
  7 black mambas
  Maurice (D:10)
  12 cane toads
  3 gargoyles
  A smoke demon (Abyss:2)
  6 torpor snails
  Jeremiah (D:7)
  9 rime drakes
  15 komodo dragons
  2 kobold demonologists
  3 yaktaurs (D:15)
  4 freezing wraiths (D:14)
  A guardian mummy (D:12)
  24 tarantellas
  4 polar bears (Lair:5)
  6 meliai
  7 trolls
  21 blink frogs
  14 dream sheep (Lair:5)
  6 hornets
  A ynoxinul (Abyss:2)
  A centaur simulacrum (D:14)
  28 jumping spiders
  13 slime creatures
  17 spriggans (Lair:5)
  16 culicivoras
  2 shadows (D:9)
  10 wyverns
  7 wraiths
  9 small abominations
  A vampire (Abyss:2)
  4 humans
  A chaos spawn (D:12)
  76 yaks
  2 hogs (Lair:5)
  A golden eye (Abyss:2)
  3 steam dragons (D:8)
  15 basilisks
  39 redbacks
  2 neqoxecs
  6 vampire mosquitoes (D:10)
  8 wargs
  Duvessa (D:5)
  10 water moccasins
  A meliai simulacrum (D:14)
  5 black bears
  55 orc warriors
  An ice beast (D:6)
  A sky beast (D:7)
  3 boggarts (Lair:5)
  18 ogres
  22 wolves
  18 centaurs
  A phantom (D:5)
  A kobold brigand (D:3)
  10 bullfrogs
  2 gnoll sergeants
  6 scorpions
  3 wights (D:7)
  Dowan (D:5)
  6 killer bees
  6 crimson imps (D:11)
  2 electric eels (D:12)
  3 jellies
  5 hounds
  34 orc priests
  A human zombie (D:4)
  4 iguanas
  2 sleepcaps (D:8)
  Natasha (thrice) (D:3)
  31 orc wizards
  12 hell rats (D:14)
  8 gnolls
  13 adders
  A shadow imp (D:11)
  3 white imps
  An ufetubus (Abyss:2)
  3 worms
  5 dart slugs
  146 orcs
  10 ball pythons
  8 endoplasms
  9 giant cockroaches
  7 goblins
  6 hobgoblins
  14 jackals
  7 kobolds
  2 quokkas
  6 bats
  2 frilled lizards
  3 rats
  A butterfly (Lair:3)
  A starspawn tentacle (Abyss:2)
1103 creatures vanquished.

Vanquished Creatures (others)
  A demonic crawler (Spider:2)
  A jumping spider (Spider:2)
  9 starspawn tentacles (Abyss:2)
11 creatures vanquished.

Grand Total: 1114 creatures vanquished

Notes
Turn   | Place    | Note
-------+----------+-------------------------------------------
     0 | D:1      | Lugonue the Demonspawn Venom Mage began the quest for the
                  | Orb.
     0 | D:1      | Reached XP level 1. HP: 13/13 MP: 3/3
   251 | D:1      | Reached skill level 1 in Transmutations
   308 | D:1      | Gained mutation: You regenerate magic rapidly. [demonic
                  | ancestry]
   308 | D:1      | Reached XP level 2. HP: 19/19 MP: 0/5
   618 | D:1      | Learned a level 2 spell: Poisonous Vapours
   840 | D:1      | Reached XP level 3. HP: 24/24 MP: 4/6
  1445 | D:2      | Gained mutation: You have a somewhat thin skeletal
                  | structure. (Dex +2, Stealth+) [demonic ancestry]
  1445 | D:2      | Reached XP level 4. HP: 26/30 MP: 3/8
  1551 | D:2      | Found a shimmering altar of Xom.
  2301 | D:2      | Learned a level 3 spell: Mephitic Cloud
  2412 | D:3      | Noticed Natasha
  2430 | D:3      | Killed Natasha
  2431 | D:3      | Reached XP level 5. HP: 19/35 MP: 4/10
  2568 | D:3      | Noticed Natasha
  2574 | D:3      | Killed Natasha
  2575 | D:3      | Reached skill level 1 in Polearms
  2575 | D:3      | Reached skill level 1 in Air Magic
  2676 | D:3      | Found a transporter.
  2694 | D:3      | Found a transporter.
  3308 | D:3      | Found a radiant altar of Vehumet.
  3332 | D:3      | Became a worshipper of Vehumet
  3586 | D:3      | Reached XP level 6. HP: 24/41 MP: 3/12
  3613 | D:3      | Noticed Natasha
  3617 | D:3      | Killed Natasha
  4044 | D:4      | Learned a level 4 spell: Olgreb's Toxic Radiance
  4214 | D:4      | Found a runed translucent door.
  4214 | D:4      | Noticed a human
  4232 | D:5      | Entered Level 5 of the Dungeon
  4273 | D:5      | Noticed Duvessa
  4274 | D:5      | Noticed Dowan
  4417 | D:4      | Found a basalt altar of Yredelemnul.
  4558 | D:4      | Reached * piety under Vehumet
  4558 | D:4      | Offered knowledge of Foxfire by Vehumet.
  4610 | D:4      | Found an iron altar of Okawaru.
  4635 | D:4      | Reached skill level 1 in Fighting
  4635 | D:4      | Reached XP level 7. HP: 40/48 MP: 2/13
  5184 | D:5      | Reached skill level 1 in Staves
  5224 | D:5      | Reached skill level 1 in Armour
  5599 | D:6      | Noticed a hornet
  5694 | D:6      | Noticed a yak
  5695 | D:6      | Found a shimmering blue altar of Sif Muna.
  5696 | D:6      | Noticed a komodo dragon
  5711 | D:6      | Found a transporter.
  5711 | D:6      | Noticed a yak
  5728 | D:6      | Found a transporter.
  5753 | D:6      | Reached skill level 5 in Spellcasting
  5791 | D:6      | Gained mutation: Your touch may inflict minor irresistible
                  | damage on your foes. [demonic ancestry]
  5791 | D:6      | Reached XP level 8. HP: 56/56 MP: 8/15
  5959 | D:6      | Reached skill level 5 in Poison Magic
  6107 | D:6      | Killed a hornet
  6108 | D:6      | Reached skill level 1 in Unarmed Combat
  6390 | D:5      | Found a burning altar of Makhleb.
  6421 | D:5      | Killed Dowan
  6454 | D:5      | Killed Duvessa
  6455 | D:5      | Reached skill level 1 in Shields
  6455 | D:5      | Reached skill level 2 in Unarmed Combat
  6659 | D:5      | Found a staircase to the Ecumenical Temple.
  6958 | D:5      | Offered knowledge of Searing Ray by Vehumet.
  6959 | D:5      | Gained mutation: Your touch may inflict irresistible damage
                  | on your foes. [demonic ancestry]
  6959 | D:5      | Reached XP level 9. HP: 49/62 MP: 18/18
  7107 | D:7      | Found Cahiuxoll's Antique Armour Shop.
  7117 | D:7      | Reached ** piety under Vehumet
  7158 | D:7      | Bought an ichor-stained ring mail for 171 gold pieces
  7158 | D:7      | Identified the +2 ring mail of the Moneychanger {Dex+7}
                  | (You bought it in a shop on level 7 of the Dungeon)
  7996 | D:7      | Reached skill level 3 in Unarmed Combat
  8078 | D:7      | Noticed Jeremiah
  8116 | D:7      | Killed Jeremiah
  8221 | D:7      | Found Byihiacs's Book Boutique.
  8439 | D:7      | Learned a level 2 spell: Searing Ray
  8682 | D:8      | Found Isooc's Weapon Emporium.
  8745 | D:8      | Noticed a cyclops
  8757 | D:8      | Found a transporter.
  8863 | D:8      | Noticed NigelTetley's ghost (novice DgFi)
  8872 | D:8      | Found a transporter.
  8910 | D:8      | Identified the ring "Negochie" {rElec SInv}
  8927 | D:8      | Reached skill level 4 in Unarmed Combat
  9472 | D:8      | HP: 3/62 [something/ball of steam (21)]
  9807 | D:8      | Found a snail-covered altar of Cheibriados.
  9965 | D:9      | Reached skill level 5 in Unarmed Combat
 10055 | D:9      | Reached XP level 10. HP: 43/70 MP: 19/21
 10192 | D:9      | Found a transporter.
 10199 | D:9      | Found a transporter.
 10392 | D:9      | Offered knowledge of Hailstorm by Vehumet.
 10396 | D:9      | Reached *** piety under Vehumet
 10640 | D:9      | Offered knowledge of Stone Arrow by Vehumet.
 10645 | D:9      | Learned a level 3 spell: Stone Arrow
 10650 | D:9      | Learned a level 3 spell: Ignite Poison
 10694 | D:9      | Reached skill level 6 in Unarmed Combat
 10939 | D:9      | Found a staircase to the Lair.
 11166 | Lair:1   | Entered Level 1 of the Lair of Beasts
 11214 | Lair:1   | Noticed a cane toad
 11289 | Lair:1   | Killed a cane toad
 11381 | Lair:1   | Reached skill level 5 in Armour
 11435 | Lair:1   | Reached XP level 11. HP: 66/78 MP: 17/23
 11553 | Lair:1   | Reached skill level 7 in Unarmed Combat
 11815 | Lair:1   | Reached **** piety under Vehumet
 11827 | Lair:1   | Reached skill level 5 in Fighting
 12245 | Lair:1   | Reached skill level 5 in Dodging
 12503 | Lair:2   | Offered knowledge of Fireball by Vehumet.
 12511 | Lair:2   | Learned a level 5 spell: Fireball
 12551 | Lair:2   | Found a transporter.
 12555 | Lair:2   | Noticed AceOff's ghost (journeyman DsFi)
 12577 | Lair:2   | Upgraded the game from 0.31-a0-859-g9dce7d3444 to
                  | 0.31-a0-865-g3d5d91748a
 12624 | Lair:2   | Noticed a death yak
 12625 | Lair:2   | Noticed a catoblepas
 12667 | Lair:2   | Found a transporter.
 12774 | Lair:2   | Reached skill level 8 in Unarmed Combat
 13698 | Lair:3   | Reached skill level 10 in Spellcasting
 13744 | Lair:3   | Found a hole to the Spider Nest.
 13765 | Lair:3   | Found a staircase to the Shoals.
 13835 | Lair:3   | Gained mutation: You are partially covered in sharp spines.
                  | [demonic ancestry]
 13835 | Lair:3   | Reached XP level 12. HP: 87/87 MP: 19/26
 13932 | Lair:3   | Reached ***** piety under Vehumet
 13940 | Lair:3   | Offered knowledge of Starburst by Vehumet.
 13941 | Lair:3   | Reached skill level 9 in Unarmed Combat
 13948 | Lair:3   | Learned a level 6 spell: Starburst
 14104 | Lair:3   | Learned a level 4 spell: Flame Wave
 15414 | Lair:4   | Reached skill level 10 in Unarmed Combat
 16292 | Lair:4   | Gained mutation: You have a moderately thin skeletal
                  | structure. (Dex +4, Stealth++) [demonic ancestry]
 16292 | Lair:4   | Reached XP level 13. HP: 56/96 MP: 16/27
 16539 | Lair:5   | Entered Level 5 of the Lair of Beasts
 16566 | Lair:4   | Upgraded the game from 0.31-a0-865-g3d5d91748a to
                  | 0.31-a0-875-g02e7d12df6
 16656 | Lair:5   | Reached skill level 1 in Conjurations
 16794 | Lair:5   | Reached skill level 11 in Unarmed Combat
 17112 | Lair:5   | Reached skill level 1 in Fire Magic
 17570 | Lair:5   | Found a staircase to the Slime Pits.
 17571 | Lair:5   | Found a viscous altar of Jiyva.
 17587 | Lair:5   | HP: 4/98 [eight-headed hydra (7)]
 17979 | D:10     | Entered Level 10 of the Dungeon
 18065 | D:10     | Noticed Maurice
 18077 | D:10     | Killed Maurice
 18243 | D:10     | Found a broken altar of Ashenzari.
 18250 | D:10     | Offered knowledge of Airstrike by Vehumet.
 19284 | D:11     | Reached skill level 12 in Unarmed Combat
 20018 | D:12     | Found a runed translucent door.
 20726 | D:12     | Reached XP level 14. HP: 106/106 MP: 28/28
 20758 | D:12     | Found a portal to a secret trove of treasure.
 20939 | D:12     | Found a staircase to the Orcish Mines.
 21175 | Orc:1    | Entered Level 1 of the Orcish Mines
 21350 | Orc:2    | Entered Level 2 of the Orcish Mines
 21352 | Orc:2    | Offered knowledge of Iskenderun's Battlesphere by Vehumet.
 21451 | Orc:1    | Found Cupias's Distillery.
 21460 | Orc:1    | Bought a potion of heal wounds for 75 gold pieces
 21460 | Orc:1    | Bought 2 potions of heal wounds for 150 gold pieces
 21852 | Orc:2    | Noticed Erolcha
 21854 | Abyss:2  | Cast into level 2 of the Abyss (Erolcha)
 21955 | Abyss:2  | Found a corrupted altar of Lugonu.
 22034 | Abyss:2  | Noticed a tentacled starspawn
 22060 | Abyss:2  | Killed a tentacled starspawn
 22061 | Abyss:2  | Reached skill level 13 in Unarmed Combat
 22064 | Abyss:2  | Noticed a tentacled starspawn
 22305 | Abyss:2  | Noticed a tentacled starspawn
 22315 | Abyss:2  | Found a corrupted altar of Lugonu.
 22346 | Abyss:2  | Noticed a deep elf elementalist
 22347 | Abyss:2  | Noticed a lich
 22362 | Abyss:2  | Killed a deep elf elementalist
 22603 | Abyss:2  | Noticed a tentacled starspawn
 22628 | Abyss:2  | Killed a tentacled starspawn
 22649 | Abyss:2  | Noticed a tentacled starspawn
 22654 | Abyss:2  | Killed a tentacled starspawn
 22657 | Abyss:2  | Noticed a tentacled starspawn
 22664 | Abyss:2  | Killed a tentacled starspawn
 22664 | Abyss:2  | Offered knowledge of Orb of Destruction by Vehumet.
 22667 | Orc:2    | Escaped the Abyss
 22674 | Orc:2    | Killed Erolcha
 23070 | Orc:2    | Found Jout's Distillery.
 23078 | Orc:2    | Bought 2 potions of haste for 220 gold pieces
 23078 | Orc:2    | Bought a potion of heal wounds for 55 gold pieces
 23078 | Orc:2    | Bought a potion of curing for 33 gold pieces
 23078 | Orc:2    | Bought a potion of haste for 110 gold pieces
 23078 | Orc:2    | Bought a potion of curing for 33 gold pieces
 23078 | Orc:2    | Bought a potion of curing for 33 gold pieces
 23078 | Orc:2    | Bought a potion of magic for 88 gold pieces
 23078 | Orc:2    | Bought a potion of curing for 33 gold pieces
 23078 | Orc:2    | Bought a potion of might for 44 gold pieces
 23106 | Orc:2    | Reached skill level 14 in Unarmed Combat
 23116 | Orc:2    | Found Akuwuol's Armour Shop.
 23316 | Orc:2    | Identified the +0 pair of gloves "Guppou" {Slay+2}
 23596 | Orc:2    | Identified the staff of Incongruity {+Blink rElec rC+ rN+
                  | Stlth+ Necro}
 23666 | Orc:2    | Found a staircase to the Elven Halls.
 23794 | Orc:2    | Noticed an orc warlord
 23817 | Orc:2    | Reached ****** piety under Vehumet
 23825 | Orc:2    | Killed an orc warlord
 23849 | Orc:2    | Offered knowledge of Bombard by Vehumet.
 23889 | Orc:2    | Found Bofolito's Book Shop.
 23995 | Orc:2    | Bought a book of Unlife for 396 gold pieces
 24156 | Orc:2    | Found Buvvutzu's Assorted Antiques.
 24205 | Orc:2    | Gained mutation: When hurt, damage is shared between your
                  | health and your magic reserves. [demonic ancestry]
 24205 | Orc:2    | Reached XP level 15. HP: 109/113 MP: 29/29
 25065 | D:12     | Noticed a tentacled monstrosity
 25147 | D:11     | Killed a tentacled monstrosity
 25309 | D:12     | Gained mutation: You occasionally lose the ability to drink
                  | potions when taking damage. [a neqoxec]
 25425 | D:12     | Identified the +8 flail of the Invisible Suns {heavy,
                  | Int+3}
 25730 | Lair:5   | Reached skill level 15 in Unarmed Combat
 25749 | Lair:5   | Noticed Kirke
 25767 | Lair:5   | Killed Kirke
 26004 | Lair:5   | Offered knowledge of Eringya's Noxious Bog by Vehumet.
 27332 | Spider:1 | Entered Level 1 of the Spider Nest
 27592 | Spider:1 | Noticed Louise
 27599 | Spider:1 | Killed Louise
 27856 | Spider:1 | Reached skill level 16 in Unarmed Combat
 27985 | Spider:1 | Reached skill level 10 in Fighting
 28225 | Spider:1 | Noticed an emperor scorpion
 28384 | Lair:2   | Upgraded the game from 0.31-a0-875-g02e7d12df6 to
                  | 0.31-a0-876-gfe8ebadbca
 28572 | Lair:2   | Reached skill level 10 in Dodging
 28580 | Lair:2   | Killed AceOff's ghost
 28583 | Lair:2   | Identified the amulet of Nuibi {RegenMP SInv}
 28850 | D:13     | Noticed Lodul
 29072 | D:13     | Offered knowledge of Conjure Ball Lightning by Vehumet.
 29727 | D:13     | Gained mutation: You are mostly covered in sharp spines.
                  | [demonic ancestry]
 29727 | D:13     | Reached XP level 16. HP: 111/122 MP: 30/30
 29878 | D:13     | Noticed Rupert
 29886 | D:13     | Paralysed by Rupert for 5 turns
 29902 | D:13     | Killed Rupert
 30140 | D:13     | Killed Lodul
 30159 | D:13     | Reached skill level 10 in Armour
 30285 | D:13     | Noticed Josephine
 30291 | D:13     | Killed Josephine
 30788 | D:14     | Reached skill level 5 in Conjurations
 31384 | D:14     | Found a gate to the Vaults.
 31506 | D:14     | Reached skill level 17 in Unarmed Combat
 31507 | D:14     | Identified the +2 long sword "Seqoocel" {protect, MP+9}
 31824 | D:14     | Found a shimmering blue altar of Sif Muna.
 32131 | Orc:2    | Bought +2 storm dragon scales for 1012 gold pieces
 32414 | Spider:1 | Noticed Aizul
 32442 | Spider:1 | Killed Aizul
 32772 | Spider:1 | Noticed Frances
 32795 | Spider:1 | Killed Frances
 33125 | Spider:1 | Lost mutation: You occasionally lose the ability to drink
                  | potions when taking damage. [potion of mutation]
 33125 | Spider:1 | Gained mutation: You have a pair of small antennae on your
                  | head. [potion of mutation]
 33125 | Spider:1 | Gained mutation: You are weak. (Str -2) [potion of
                  | mutation]
 33125 | Spider:1 | Gained mutation: Your spells are a little harder to cast,
                  | but a little more powerful. [potion of mutation]
 33155 | Spider:1 | Lost mutation: You are weak. (Str -2) [potion of mutation]
 33155 | Spider:1 | Lost mutation: Your spells are a little harder to cast, but
                  | a little more powerful. [potion of mutation]
 33155 | Spider:1 | Lost mutation: You have a pair of small antennae on your
                  | head. [potion of mutation]
 33155 | Spider:1 | Gained mutation: You are vulnerable to heat. (rF-) [potion
                  | of mutation]
 33155 | Spider:1 | Gained mutation: Your muscles are strong. (Str +4, Int/Dex
                  | -1) [potion of mutation]
 33160 | Spider:1 | Lost mutation: Your muscles are strong. (Str +4, Int/Dex
                  | -1) [potion of mutation]
 33160 | Spider:1 | Lost mutation: You are vulnerable to heat. (rF-) [potion of
                  | mutation]
 33160 | Spider:1 | Gained mutation: You have hidden genetic potential. [potion
                  | of mutation]
 33160 | Spider:1 | Gained mutation: You have large cloven feet. [potion of
                  | mutation]
 34417 | D:12     | You paid a toll of +3 storm dragon scales to enter a
                  | treasure trove
 34418 | Trove    | Entered a treasure trove
 34427 | Trove    | Identified the +2 scale mail "Wudyqo Zueh" {rPois}
 34428 | Trove    | Identified the +1 helmet of the Other Side {Will+}
 34437 | Trove    | Found the +0 pair of fencer's gloves {Riposte Dex+3}
 34445 | Trove    | Identified the +0 helmet of Amorality {Dex+4}
 34447 | Trove    | Identified the +0 leather armour of the Sturgeon {rC+ Will+
                  | Dex+3}
 34450 | Trove    | Identified the +0 pair of gloves "Vaudaeh" {rC- Int+2
                  | Dex+4}
 34451 | Trove    | Identified the +2 helmet of the Spheres {*Slow Dex+6}
 34457 | Trove    | Identified the scarf of Weirdness {repulsion, rPois Str+7}
 34458 | Trove    | Identified the +8 plate armour "Estamo" {Str+3 Slay+6}
 34460 | Trove    | Identified the scarf "Hustraf" {harm, -Tele Rampage rPois
                  | rF+ Stlth+}
 34461 | Trove    | Identified the +0 scale mail "Anuud" {rCorr}
 34638 | D:15     | Entered Level 15 of the Dungeon
 34707 | D:15     | Identified the +0 leather armour of the Comet {-Tele rElec
                  | rC+}
 35356 | D:15     | Offered knowledge of Fire Storm by Vehumet.
 35356 | D:15     | Offered knowledge of Chain Lightning by Vehumet.
 35356 | D:15     | Offered knowledge of Maxwell's Capacitive Coupling by
                  | Vehumet.
 35462 | D:15     | Found a staircase to the Depths.
 36229 | Depths:1 | Entered Level 1 of the Depths
 36233 | Depths:1 | Noticed a titan
 36895 | Spider:2 | Gained mutation: You have an unnaturally thin skeletal
                  | structure. (Dex +6, Stealth+++) [demonic ancestry]
 36895 | Spider:2 | Reached XP level 17. HP: 117/129 MP: 31/31
 38247 | Spider:3 | Noticed Arachne
 38276 | Spider:3 | Killed Arachne
 38863 | Spider:3 | Gained mutation: You are strong-willed. (Will+) [hidden
                  | potential]
 38969 | Spider:4 | Entered Level 4 of the Spider Nest
 38973 | Spider:4 | Reached skill level 15 in Armour
 39174 | Spider:4 | Paralysed by a jorogumo for 1 turns
 39176 | Spider:4 | HP: 2/125 [ghost moth (13)]
 39177 | Spider:4 | Slain by a radroach simulacrum

Illustrated notes

Levels and vault maps discovered:
D:1:      minmay_arrival_jagged, layout_loops_ring
D:2:      minmay_diamond_boxcup, layout_loops_ring, basic_altar
D:3:      gammafunk_steamed_eel, layout_basic,
          mainiacjoe_overflow_cross_hatched, grunt_ministairs_2,
          kennysheep_cross_bottleneck, uniq_natasha
D:4:      layout_loops_cross, tso_metal_star, mainiacjoe_overflow_brackets,
          dk_yredelemnul_ordeal, chequers_serial_rivers_micro_a
D:5:      layout_cave_pools, mainiacjoe_overflow_concentric_impassable,
          temple_pool_b, lightli_minifort, uniq_duvessa
D:6:      layout_cave_pools, gammafunk_temple_overflow_arena
D:7:      layout_basic, mainiacjoe_overflow_alcove_4, serial_shops, shop,
          nicolae_stop_n_shop_2, nicolae_ossuary_entry_plus,
          grunt_decor_clamped, uniq_jeremiah
D:8:      kennysheep_steamy, layout_loops_ring, kennysheep_slug_shrine,
          serial_shops, shop_statue, nzn_ghost_randoct
D:9:      layout_cave_pools, david_lair_shrubbed, special_room
          [special_room_orc], nicolae_concentric_dashed_squares_wild,
          nicolae_diode_stairs
D:10:     layout_loops_ring, evilmike_ruin_ashenzari, special_room
          [special_room_orc], uniq_maurice
D:11:     layout_gridville, minmay_nine_imps
D:12:     cheibrodos_body_horror, layout_layer_cave, erik_orc_2,
          nicolae_trove_entry_path_of_doom
D:13:     layout_basic, serial_glass, glass_columns_a, glass_columns_c,
          minmay_three_doors, uniq_lodul, uniq_rupert, uniq_josephine
D:14:     layout_basic, hellmonk_vaults_keyhole, special_room
          [special_room_mythical_zoo], lemuel_doored_altar
D:15:     gammafunk_depths_entry_grave, layout_basic, minmay_misc_feat_tower
Lair:1:   layout_roguey, gauntlet_entry_generic, grunt_megastairs_4
Lair:2:   layout_cellular_growth, gammafunk_ghost_berserking_beasts
Lair:3:   layout_layer_cave, shoals_dummy_entry,
          nicolae_spider_entry_non_spiders, grunt_megastairs_3,
          lemuel_fruit_fields
Lair:4:   layout_roguey, serial_forest, infiniplex_forest_zigzag_2,
          infiniplex_forest_straight_2, infiniplex_forest_lined_3,
          infiniplex_forest_lined_2, infiniplex_forest_end_3
Lair:5:   minmay_lair_end_enchanted_forest, layout_long_grid,
          minmay_slime_entry_pillars, uniq_kirke
Spider:1: layout_chambers, spiders_nest_hornet_nest, uniq_aizul, uniq_frances,
          uniq_louise
Spider:2: layout_spider_delve, drop_trap, nicolae_spider_not_touching_you
Spider:3: nicolae_spider_obnoxious_hallway, nicolae_spider_scorpion_nest,
          uniq_arachne
Spider:4: grunt_spider_rune_circles, hellmonk_spider_spawner
Orc:1:    nicolae_orc_accident_1, layout_diamond_mine, serial_shops,
          nicolae_shop_industrial_runoff, portal_ice_cave_rime
Orc:2:    pubby_orc_utopia, uniq_erolcha
Depths:1: minmay_dotted_concentric_squares, layout_cave_pools,
          grunt_mini_vestibule, abyss_entry, elyvilon_altar_4,
          kennysheep_generic_room_14, uniq_sojobo

Skill      XL: |  1  2  3  4  5  6  7  8  9 10 11 12 13 14 15 16 17 |
---------------+----------------------------------------------------+-----
Transmutations | 1 2 3 |  3.4
Dodging        | 2 3 4 5 7 8 9 10 | 10.5
Spellcasting   | 3 4 5 6 7 8 10 | 10.0
Stealth        | 2 |  2.7
Polearms       | 1 |  1.3
Air Magic      | 1 |  1.8
Poison Magic   | 4 6 7 |  7.1
Fighting       | 1 2 3 4 5 7 8 9 10 | 10.4
Staves         | 1 |  1.1
Armour         | 2 3 5 6 7 8 9 13 15 | 15.8
Unarmed Combat | 2 5 6 8 10 12 14 16 17 | 17.0
Shields        | 1 |  1.5
Conjurations   | 2 3 4 5 |  5.1
Fire Magic     | 1 2 |  2.8

Action                     |  1- 3 |  4- 6 |  7- 9 | 10-12 | 13-15 | 16-18 || total
---------------------------+-------+-------+-------+-------+-------+-------++-------
  Melee: Unarmed           |    15 |       |   113 |   167 |   699 |   561 ||  1555
         Spear             |    17 |   104 |     6 |       |       |       ||   127
         Staff             |       |    85 |    62 |       |       |       ||   147
         Trident           |       |       |     4 |       |       |       ||     4
         Touch             |       |       |    16 |    45 |   159 |       ||   220
         Punch             |       |       |     3 |    10 |    58 |       ||    71
  Throw: Throwing net      |       |       |       |       |     2 |       ||     2
   Cast: Sting             |    71 |    64 |    53 |    14 |       |       ||   202
         Poisonous Vapours |     6 |    29 |    53 |    33 |     1 |       ||   122
         Olgreb's Toxic Ra |       |     1 |    15 |    54 |   143 |   101 ||   314
         Mephitic Cloud    |       |       |     3 |    28 |    72 |    31 ||   134
         Searing Ray       |       |       |     4 |       |       |       ||     4
         Stone Arrow       |       |       |       |    39 |    61 |    12 ||   112
         Ignite Poison     |       |       |       |    36 |    37 |    29 ||   102
         Flame Wave        |       |       |       |     6 |    10 |       ||    16
         Fireball          |       |       |       |       |    25 |     5 ||    30
  Evoke: Wand              |       |       |     9 |     9 |     6 |     3 ||    27
    Use: Scroll            |       |    11 |     5 |    10 |    14 |    12 ||    52
         Potion            |       |     3 |     5 |     2 |    17 |     8 ||    35
   Stab: Sleeping          |     1 |    10 |     1 |       |     7 |     1 ||    20
         Paralysed         |       |       |    13 |     7 |       |       ||    20
         Confused          |       |       |       |     4 |    25 |    15 ||    44
         Held in net/web   |       |       |       |       |     2 |       ||     2
         Distracted        |       |       |       |       |     1 |       ||     1
 Armour: Robe              |    31 |   134 |    77 |       |       |       ||   242
         Ring mail         |       |       |    96 |    87 |       |       ||   183
         Steam dragon scal |       |       |       |    43 |   468 |       ||   511
         Skin              |       |       |       |       |     1 |       ||     1
         Ice dragon scales |       |       |       |       |    11 |   456 ||   467
         Storm dragon scal |       |       |       |       |       |   122 ||   122
  Dodge: Dodged            |    60 |   131 |   130 |   100 |   509 |   530 ||  1460
         Repelled          |       |       |       |       |       |     1 ||     1
  Block: Buckler           |       |    23 |    42 |       |       |       ||    65
Riposte: Unarmed           |       |       |       |       |       |    60 ||    60

Table legend: (Time is in decaauts)
 A = Elapsed time spent in this place.
 B = Non-inter-level travel time spent in this place.
 C = Inter-level travel time spent in this place.
 D = Time resting spent in this place.
 E = Time spent auto-exploring this place.
 F = Levels seen in this place.
 G = Mean time per level.
                   A        B        C        D        E       F      G
               +--------+--------+--------+--------+--------+-----+--------+
         Total |  38869 |  35862 |   3007 |   4223 |  23416 |  29 | 1340.3 |
       Dungeon |  20753 |  19156 |   1597 |   2134 |  12749 |  15 | 1383.5 |
          Lair |   8706 |   7815 |    891 |    544 |   5829 |   5 | 1741.2 |
   Spider Nest |   5353 |   5230 |    123 |   1053 |   3115 |   4 | 1338.2 |
  Orcish Mines |   3104 |   2709 |    395 |    105 |   1722 |   2 | 1552.0 |
        Depths |      7 |      7 |      0 |      0 |      0 |   1 |    7.0 |
         Abyss |    776 |    776 |      0 |    386 |      0 |   1 |  776.0 |
         Trove |    167 |    167 |      0 |      0 |      0 |   1 |  167.0 |
               +--------+--------+--------+--------+--------+-----+--------+

Top non-repeatable levels by time:
   Orc:2: 2354 daAuts
Spider:1: 2325 daAuts
    D:12: 2247 daAuts
  Lair:5: 1913 daAuts
  Lair:2: 1873 daAuts
  Lair:4: 1806 daAuts
  Lair:3: 1757 daAuts
    D:13: 1719 daAuts
    D:15: 1702 daAuts
Spider:2: 1586 daAuts
     D:3: 1487 daAuts
     D:7: 1483 daAuts
     D:9: 1417 daAuts
Spider:3: 1376 daAuts
     D:8: 1361 daAuts
